 Dungeon Crawl Stone Soup version 0.29-a0-648-g6b26cc9f40 (webtiles) character file.

Game seed: 2876727568553003581

2 Iscandelvey the Magician (level 1, -2/16 HPs)
             Began as a Meteoran Wanderer on June 20, 2022.
             Slain by a hobgoblin (4 damage)
             ... on level 1 of the Dungeon.
             The game lasted 00:01:41 (62 turns).

Iscandelvey the Magician (Meteoran Wanderer)          Turns: 62, Time: 00:01:41

Health: -2/16      AC:  2    Str: 10    XL:     1   Next: 42%
Magic:  6/6        EV: 10    Int: 15    God:
Gold:   0          SH:  4    Dex: 14    Spells: 8/8 levels left

rFire   . . .      SeeInvis .   a - +0 dagger
rCold   . . .      Faith    .   d - +0 buckler
rNeg    . . .      Spirit   .   c - +0 robe
rPois   .          Reflect  .   (no helmet)
rElec   .          Harm     .   (no cloak)
rCorr   .          Rampage  .   (no gloves)
Will    .....                   (no boots)
Stlth   +.........              (no amulet)
HPRegen 0.05/turn               (no ring)
MPRegen 0.10/turn               (no ring)

@: glowing
A: sense surroundings 1, otherworldly, glowing, explore regen
a: no special abilities


You were on level 1 of the Dungeon.
You visited 1 branch of the dungeon, and saw 1 of its levels.

Inventory:

Hand Weapons
 a - a +0 dagger (weapon)
Armour
 c - a +0 robe (worn)
 d - a +0 buckler (worn)
Scrolls
 b - a scroll of teleportation


   Skills:
 + Level 1.1 Fighting
 + Level 2.4 Armour
 + Level 2.4 Shields
 + Level 4.0 Spellcasting
 + Level 1.3 Conjurations


You had 8 spell levels left.
You didn't know any spells.
Your spell library contained the following spells:

 Spells                   Type           Power      Damage    Failure   Level
 Magic Dart               Conj           24%        1d4       14%         1
 Apportation              Tloc           6%         N/A       24%         1
 Sandblast                Erth           6%         2d5       24%         1
 Slow                     Hex            12%        N/A       24%         1
 Dazzling Flash           Conj/Hex       8%         N/A       50%         3
 Ozocubu's Armour         Ice            3%         N/A       56%         3


Dungeon Overview and Level Annotations

Branches:
Dungeon (1/15) Zot: 536

Altars:


Innate Abilities, Weirdness & Mutations

You passively map a small area around you.
You are easily found by Zot.
You glow in the dark.
You regain HP and MP as you explore.


Message History

A frilled lizard comes into view.
You hit the frilled lizard.
The frilled lizard is heavily wounded.
The frilled lizard bites you.
You closely miss the frilled lizard.
The frilled lizard is heavily wounded.
You block the frilled lizard's attack.
You closely miss the frilled lizard.
The frilled lizard is heavily wounded.
The frilled lizard bites you.
You hit the frilled lizard.
You kill the frilled lizard!
No target in view!
No target in view!
You see here a frilled lizard corpse.
A hobgoblin comes into view.
The hobgoblin shouts!
The hobgoblin misses you.
You hit the hobgoblin.
The hobgoblin is heavily wounded.
The hobgoblin hits you.
You are too injured to fight recklessly!
You are too injured to fight recklessly!
You are too injured to fight recklessly!
You are too injured to fight recklessly!
You barely miss the hobgoblin.
The hobgoblin is heavily wounded.
The hobgoblin hits you.
* * * LOW HITPOINT WARNING * * *
You hit the hobgoblin.
The hobgoblin is severely wounded.
The hobgoblin hits you.
* * * LOW HITPOINT WARNING * * *
You hit the hobgoblin but do no damage.
The hobgoblin is severely wounded.
The hobgoblin hits you but does no damage.
You barely miss the hobgoblin.
The hobgoblin is severely wounded.
The hobgoblin hits you.
You die...

##...##
####.#####.
#.....###
#.# #.
#.......#
###.### ##
#.....#.#
#.....#
##...##.#
#.....#
##.###.#
#.....#
#.#....#
#.....#
##.#####
#.....# #@#
#######*
#g# , #.# ,
* * #.# * *
, #.# #..
### ,* , *


You could see a hobgoblin.

Vanquished Creatures
  An endoplasm (D:1)
  A frilled lizard (D:1)
2 creatures vanquished.

Notes
Turn   | Place    | Note
-------+----------+-------------------------------------------
     0 | D:1      | Iscandelvey the Meteoran Wanderer began the quest for the
                  | Orb.
     0 | D:1      | Iscandelvey set off with the following items: a +0 dagger,
                  | a scroll of teleportation, a +0 robe, a +0 buckler; and the
                  | following spells available to memorise: Magic Dart,
                  | Apportation, Sandblast, Slow, Dazzling Flash, Ozocubu's
                  | Armour.
     0 | D:1      | Reached XP level 1. HP: 16/16 MP: 6/6
    62 | D:1      | Slain by a hobgoblin

Illustrated notes

Levels and vault maps discovered:
D:1:      doesnt_arrival_eight_statues, layout_loops_cross,
          hellmonk_ecumenical_altar_prayer_group

Action                   || total
-------------------------++-------
Melee: Dagger            ||    15
Armor: Robe              ||     1
Dodge: Dodged            ||     4
Block: Buckler           ||     1

Table legend: (Time is in decaauts)
 A = Elapsed time spent in this place.
 B = Non-inter-level travel time spent in this place.
 C = Inter-level travel time spent in this place.
 D = Time resting spent in this place.
 E = Time spent auto-exploring this place.
 F = Levels seen in this place.
 G = Mean time per level.
                   A        B        C        D        E       F      G
               +--------+--------+--------+--------+--------+-----+--------+
         Total |     62 |     62 |      0 |      0 |     14 |   1 |   62.0 |
       Dungeon |     62 |     62 |      0 |      0 |     14 |   1 |   62.0 |
               +--------+--------+--------+--------+--------+-----+--------+

Top non-repeatable levels by time:
     D:1: 62 daAuts
